 Dungeon Crawl Stone Soup version 0.16.1-11-g651b585 (webtiles) character file.

655 hulla the Changer (level 7, -9/43 HPs)
             Began as an Octopode Transmuter on Mar 30, 2015.
             Was a Follower of Makhleb.
             Blown up by Ijyb (12 damage)
             ... with a wand of disintegration
             ... on level 5 of the Dungeon.
             The game lasted 00:28:05 (4525 turns).

hulla the Changer (Octopode Transmuter)             Turns: 4525, Time: 00:28:05

Health: -9/43      AC:  2    Str: 10    XL:     7   Next: 54%
Magic:  16/21      EV: 23    Int: 17    God:    Makhleb [*.....]
Gold:   24         SH:  0    Dex: 17    Spells: 3 memorised, 4 levels left

rFire  . . .     SeeInvis .     f - melded +1 dagger (venom)
rCold  . . .     Clarity  .     (shield currently unavailable)
rNeg   . . .     SustAb   .     (helmet currently unavailable)
rPois  .         Gourm    .     (no amulet)
rElec  .         Spirit   .     i - ring of magical power
rCorr  .         Warding  .     z - ring of poison resistance
rMut   .         Stasis   .     (no ring)
MR     .....                    (no ring)
Stlth  ++........               (no ring)
                                (no ring)
                                (no ring)
                                (no ring)

@: spider-form, very slightly contaminated, not resistant to hostile
enchantments, unstealthy
A: almost no armour, amphibious, 8 rings, (constrict 8), (camouflage 0),
(gelatinous body 0)
a: End Transformation, Renounce Religion


You were on level 5 of the Dungeon.
You worshipped Makhleb.
Makhleb was aware of your devotion.
You were hungry.
You were a venomous arachnid creature.
You visited 2 branches of the dungeon, and saw 6 of its levels.

You collected 157 gold pieces.
You spent 133 gold pieces at shops.

Inventory:

Hand weapons
 f - a +1 dagger of venom (melded)
 k - a +3 short sword of flaming
 x - a +1 dagger of venom
 y - a +2 flail of holy wrath
 D - a +0 hunting sling
Missiles
 b - 44 arrows
 g - 96 stones (quivered)
 h - 25 poisoned needles
Jewellery
 i - a ring of magical power (left front leg)
 q - an uncursed amulet of resist corrosion
 z - a ring of poison resistance (right front leg)
Scrolls
 e - 2 scrolls of remove curse {unknown}
 j - 2 scrolls of fog {unknown}
 n - 2 scrolls of enchant armour {unknown}
 p - 2 scrolls of blinking {unknown}
 r - a scroll of fear {unknown}
 t - a scroll of teleportation {unknown}
 u - a scroll of recharging {unknown}
 C - a scroll of identify
Potions
 c - 2 potions of lignification {unknown}
 m - 3 potions of heal wounds {unknown}
 o - a potion of haste {unknown}
 s - a potion of might {unknown}
 w - a potion of berserk rage {unknown}
Books
 d - a book of Changes

   Spells                             Type                      Level
   a - Beastly Appendage              Transmutation                1
   b - Sticks to Snakes               Transmutation                2
   c - Spider Form                    Transmutation/Poison         3
   d - Ice Form                       Ice/Transmutation            4
   e - Blade Hands                    Transmutation                5
Comestibles
 a - 2 bread rations
 l - 2 meat rations
 A - 5 chunks of flesh
 B - a beef jerky


   Skills:
 - Level 1.0 Fighting
 + Level 4.6 Dodging
 - Level 3.0 Unarmed Combat
 - Level 2.0 Spellcasting
 + Level 5.8 Transmutations
 - Level 4.2 Poison Magic


You had 4 spell levels left.
You knew the following spells:

 Your Spells              Type           Power        Failure   Level  Hunger
a - Beastly Appendage     Trmt           ###...       8%          1    #......
b - Spider Form           Trmt/Pois      ###.......   24%         3    ###....
c - Sticks to Snakes      Trmt           ###.......   10%         2    ###....


Dungeon Overview and Level Annotations

Branches:
Dungeon (5/15)             Temple (1/1) D:4

Altars:
Ashenzari
Cheibriados
Dithmenos
Fedhas
Makhleb
Nemelex Xobeh
Qazlal
Ru
Trog
Vehumet
Xom
Yredelemnul
Zin

Shops:
D:5 *

Annotations:
D:3 Blork the orc
D:4 Rayvis' ghost, average DsFi
D:5 Ijyb


Innate Abilities, Weirdness & Mutations

You cannot wear most types of armour.
You are amphibious.
You can wear up to eight rings at the same time.
((You can use your tentacles to constrict many enemies at once.))
((Your skin changes colour to match your surroundings (Stealth).))
((Your rubbery body absorbs attacks (AC +1).))


Message History

Ijyb screams, "Me stronger than you!"
Ijyb zaps a wand.
You are blasted!
It is a wand of disintegration.
Casting: Spider Form
Confirm with . or Enter, or press ? or * to list all spells.
You miscast Spider Form.
You feel a strange surge of energy!
Unknown command.
Casting: Spider Form
Confirm with . or Enter, or press ? or * to list all spells.
You turn into a venomous arachnid creature.
Your +1 dagger of venom melds into your body.
Your +1 dagger of venom stops dripping with poison.
Ijyb zaps a wand.
You struggle to resist.
Ijyb zaps a wand.
You are blasted!
* * * LOW HITPOINT WARNING * * *
You see here a goblin corpse.
Ijyb zaps a wand.
You struggle to resist.
You hit Ijyb.
Ijyb is poisoned.
Ijyb is moderately wounded.
Ijyb zaps a wand.
You are blasted!
You die...

.(g.........##.#
.........(...##..#
..........(....##..#
...........(...#.....
..............#..###
................###
........(.....###
........#...g##
###..###.#.s# ....
####†## ### ##.##
##.# ###


You could see Ijyb.

Vanquished Creatures
  An ogre (D:5)
  3 orc priests
  A crimson imp (D:4)
  3 hounds
  3 iguanas (D:4)
  5 orc wizards
  A worker ant (D:4)
  5 adders
  4 worms
  13 orcs
  2 ball pythons (D:1)
  9 bats
  A bat skeleton (D:4)
  2 bat zombies
  2 giant cockroaches
  8 goblins
  6 hobgoblins
  A quokka (D:5)
  4 giant newts
  10 kobolds
  7 rats
91 creatures vanquished.

Notes
Turn   | Place    | Note
--------------------------------------------------------------
     0 | D:1      | hulla, the Octopode Transmuter, began the quest for the Orb.
     0 | D:1      | Reached XP level 1. HP: 13/13 MP: 3/3
   204 | D:1      | Reached XP level 2. HP: 12/18 MP: 4/4
   512 | D:1      | Reached XP level 3. HP: 23/23 MP: 6/6
   517 | D:1      | Learned a level 3 spell: Spider Form
  1035 | D:2      | Reached skill level 1 in Poison Magic
  1130 | D:2      | Reached XP level 4. HP: 23/28 MP: 5/7
  1154 | D:2      | Learned a level 2 spell: Sticks to Snakes
  1618 | D:3      | Reached XP level 5. HP: 33/33 MP: 6/9
  1788 | D:3      | Found a stormy altar of Qazlal.
  2198 | D:3      | Noticed Blork the orc
  2229 | D:4      | Reached skill level 4 in Transmutations
  2447 | D:4      | Reached XP level 6. HP: 18/38 MP: 10/10
  2668 | D:4      | Found a staircase to the Ecumenical Temple.
  2673 | Temple   | Entered the Ecumenical Temple
  2717 | Temple   | Became a worshipper of Makhleb the Destroyer
  3420 | D:4      | Noticed Rayvis' ghost (average DsFi)
  3624 | D:4      | Reached skill level 5 in Transmutations
  3630 | D:5      | Entered Level 5 of the Dungeon
  3713 | D:5      | Reached XP level 7. HP: 43/43 MP: 12/12
  3716 | D:5      | Found Tavun's Assorted Antiques.
  3739 | D:5      | Acquired Makhleb's first power
  4241 | D:5      | Bought a glass ring for 95 gold pieces
  4241 | D:5      | Bought a scroll of identify for 38 gold pieces
  4491 | D:5      | Noticed Ijyb
  4523 | D:5      | HP: 2/43 [disintegration (19)]
  4525 | D:5      | Blown up by Ijyb

Action                   |  1- 3 |  4- 6 |  7- 9 || total
-------------------------+-------+-------+-------++-------
Melee: Dagger            |    65 |    48 |    14 ||   127
       Unarmed           |     3 |    55 |    37 ||    95
Throw: Stone             |    14 |    11 |       ||    25
       Javelin           |       |    33 |    13 ||    46
 Cast: Beastly Appendage |    13 |    11 |     1 ||    25
       Spider Form       |       |     7 |     5 ||    12
       Sticks to Snakes  |       |       |     3 ||     3
 Abil: End Transformatio |       |       |     1 ||     1
  Use: Scroll            |       |     2 |     1 ||     3
 Stab: Sleeping          |     2 |     5 |       ||     7
  Eat: Chunk             |     1 |     9 |     3 ||    13
